 Dungeon Crawl Stone Soup version 0.25-a0-365-g7600c65 (webtiles) character file.

Game seed: 17247547377005447045, levelgen mode: deterministic

2034 Birdy the Covert (level 9, -2/43 HPs)
             Began as a Vine Stalker Assassin on Jan 5, 2020.
             Was a Follower of Wu Jian.
             Slain by an unseen horror (3 damage)
             ... on level 7 of the Dungeon.
             The game lasted 00:14:34 (5397 turns).

Birdy the Covert (Vine Stalker Assassin)            Turns: 5397, Time: 00:14:35

Health: -2/43      AC:  6    Str: 14    XL:     9   Next: 24%
Magic:  0/13       EV: 12    Int: 11    God:    Wu Jian [*.....]
Gold:   394        SH:  0    Dex: 19    Spells: 12/12 levels left

rFire    + . .     SeeInvis .   k - +3 short sword (speed)
rCold    . . .     Gourm    .   (no shield)
rNeg     . . .     Faith    .   y - +0 leather armour
rPois    +         Spirit   +   m - +2 hat
rElec    .         Reflect  .   c - +1 cloak
rCorr    .         Harm     .   (no gloves)
MR       +....                  (no boots)
Stlth    ++++......             (no amulet)
HPRegen  0.54/turn              i - ring of protection from fire
MPRegen  0.13/turn              q - ring of poison resistance

@: no status effects
A: fangs 3, hooves 1, deformed body, regeneration 1, magic shield, antimagic
bite, no potion heal 3, rot immunity, sturdy frame 1
a: Renounce Religion


You were on level 7 of the Dungeon.
You worshipped Wu Jian.
Wu Jian was aware of your devotion.
You were hungry.

You visited 1 branch of the dungeon, and saw 7 of its levels.

You collected 394 gold pieces.

Inventory:

Hand Weapons
 k - a +3 short sword of speed (weapon)
Missiles
 d - 24 poisoned darts (quivered)
 e - 2 curare-tipped darts
Armour
 c - a +1 cloak (worn)
 m - a +2 hat (worn)
 y - a +0 leather armour (worn)
Jewellery
 i - a ring of protection from fire (left hand)
 q - a ring of poison resistance (right hand)
Wands
 a - a wand of flame (34)
 b - a wand of paralysis (8)
 u - a wand of iceblast (4)
 w - a wand of random effects (18)
Scrolls
 g - 5 scrolls of remove curse
 h - a scroll of teleportation
 j - 2 scrolls of fog
 p - a scroll of enchant armour
 s - a scroll of fear
 t - a scroll of amnesia
Potions
 l - 2 potions of haste
 o - 7 potions of curing
 r - a potion of brilliance
Comestibles
 f - 5 rations


   Skills:
 + Level 2.4 Fighting
 - Level 7.6 Short Blades
 - Level 1.7 Throwing
 - Level 4.0 Armour
 + Level 1.5 Dodging
 + Level 9.1 Stealth
 * Level 2.4 Spellcasting


You had 12 spell levels left.
You didn't know any spells.
Your spell library was empty.

Dungeon Overview and Level Annotations

Branches:
Dungeon (7/15)
 Temple: D:4-7

Altars:
Cheibriados
Fedhas
Kikubaaqudgha
Makhleb
Nemelex Xobeh
Okawaru
Trog
Vehumet
Wu Jian
The Shining One

Shops:
D:6 *


Innate Abilities, Weirdness & Mutations

You have razor-sharp teeth.
Your natural rate of healing is unusually fast.
When hurt, damage is shared between your health and your magic reserves.
Your bite disrupts and absorbs the magic of your enemies.
Potions cannot restore your health.
You are immune to rotting.
You have large cloven feet.
Armour fits poorly on your strangely shaped body.
Your movements are slightly less encumbered by armour. (ER -2)


Message History

You hit something but do no damage. You bite something. Something hits you.
Something hits you!
You see here an adder corpse.
You hit something. You kick something. Your bite misses something.
Something hits you.
You hit something. You kick something. You bite something! You drain its power.
You feel invigorated. Something hits you! Something hits you.
* * * LOW HITPOINT WARNING * * *
You hit something but do no damage. You closely miss something.
Something barely misses you. Something hits you. Something hits you.
* * * LOW HITPOINT WARNING * * *
Something hits you!
* * * LOW HITPOINT WARNING * * *
Okay, then.
Something hits you.
* * * LOW HITPOINT WARNING * * *
There is a stone staircase leading up, spattered with blood here.
Something hits you.
You die...

##### ... . #.#
... #†# #
.....####.###.####
#.....@#......#
#.#####<........
#....<......#.##
#.#####.....#
##...## ###.# ..
#.# ..


There were no monsters in sight!

Vanquished Creatures
  Pikel (D:6)
  4 slaves (D:6)
  2 ice beasts (D:6)
  3 ogres
  2 centaurs (D:6)
  A bullfrog (D:7)
  A water moccasin zombie (D:6)
  3 scorpions (D:4)
  A crimson imp (D:6)
  A centaur zombie (D:5)
  2 jellies
  A bullfrog skeleton (D:4)
  2 hounds
  3 orc wizards
  Jessica (D:2)
  Ijyb (D:5)
  2 iguanas
  4 worker ants
  A hound zombie (D:5)
  A hound skeleton (D:4)
  10 adders
  A shadow imp (D:5)
  2 oozes
  A dart slug (D:1)
  5 leopard geckos
  11 orcs
  2 giant cockroaches
  8 hobgoblins
  10 kobolds
  6 quokkas
  3 ball pythons
  9 bats
  5 frilled lizards
  10 goblins
  A jackal skeleton (D:4)
  2 quokka skeletons (D:5)
  A quokka zombie (D:5)
  11 rats
135 creatures vanquished.

Notes
Turn   | Place    | Note
-------+----------+-------------------------------------------
     0 | D:1      | Birdy the Vine Stalker Assassin began the quest for the
                  | Orb.
     0 | D:1      | Reached XP level 1. HP: 11/11 MP: 2/2
   153 | D:1      | Reached XP level 2. HP: 14/15 MP: 3/3
   177 | D:1      | Reached skill level 1 in Dodging
   189 | D:1      | Reached skill level 5 in Stealth
   355 | D:1      | Reached skill level 1 in Spellcasting
   355 | D:1      | Reached XP level 3. HP: 18/18 MP: 5/5
   733 | D:2      | Reached skill level 1 in Armour
   844 | D:2      | Found a faded altar of an unknown god.
  1136 | D:2      | Found a bloodstained altar of Trog.
  1143 | D:2      | Noticed Jessica
  1147 | D:2      | Killed Jessica
  1147 | D:2      | Gained mutation: Your natural rate of healing is unusually
                  | fast. [Vine Stalker growth]
  1147 | D:2      | Reached XP level 4. HP: 23/23 MP: 6/6
  1809 | D:3      | Reached XP level 5. HP: 19/26 MP: 4/7
  1889 | D:3      | Found a blossoming altar of Fedhas.
  2118 | D:3      | Gained mutation: You are somewhat resistant to further
                  | mutation. [potion of mutation]
  2118 | D:3      | Gained mutation: You are weak. (Str -2) [potion of
                  | mutation]
  2315 | D:4      | Noticed an ogre
  2336 | D:4      | Killed an ogre
  2336 | D:4      | Reached XP level 6. HP: 10/30 MP: 2/8
  2670 | D:4      | Reached XP level 7. HP: 35/35 MP: 9/9
  2926 | D:4      | Lost mutation: You are weak. (Str -2) [potion of mutation]
  2926 | D:4      | Lost mutation: You are somewhat resistant to further
                  | mutation. [potion of mutation]
  2926 | D:4      | Gained mutation: Armour fits poorly on your strangely
                  | shaped body. [potion of mutation]
  2926 | D:4      | Gained mutation: You have large cloven feet. [potion of
                  | mutation]
  2926 | D:4      | Gained mutation: Your movements are slightly less
                  | encumbered by armour. (ER -2) [potion of mutation]
  3160 | D:4      | Reached skill level 5 in Short Blades
  3272 | D:5      | Entered Level 5 of the Dungeon
  3350 | D:5      | Noticed Ijyb
  3357 | D:5      | Killed Ijyb
  3394 | D:5      | Found an ornate altar of the Wu Jian Council.
  3402 | D:5      | Became a worshipper of the Wu Jian Council
  3412 | D:5      | Got a pair of brightly glowing boots
  3418 | D:5      | Identified the -4 pair of boots of Refuge {rC+} (You found
                  | it on level 5 of the Dungeon)
  3602 | D:5      | Found an iron altar of Okawaru.
  3662 | D:5      | Found a faded altar of an unknown god.
  3662 | D:5      | Found a faded altar of an unknown god.
  3667 | D:5      | Found a glowing golden altar of the Shining One.
  3669 | D:5      | Found a bloodstained altar of Trog.
  3670 | D:5      | Found a snail-covered altar of Cheibriados.
  4019 | D:5      | Found an ancient bone altar of Kikubaaqudgha.
  4046 | D:5      | Gained mutation: You have razor-sharp teeth. [Vine Stalker
                  | growth]
  4046 | D:5      | Reached XP level 8. HP: 36/39 MP: 8/10
  4258 | D:5      | Reached skill level 6 in Stealth
  4650 | D:6      | Found a burning altar of Makhleb.
  4654 | D:6      | Found Jaryz's Assorted Antiques.
  4691 | D:6      | Noticed Pikel
  4710 | D:6      | Killed Pikel
  4710 | D:6      | Reached skill level 7 in Stealth
  4713 | D:6      | Reached skill level 8 in Stealth
  4817 | D:6      | Reached XP level 9. HP: 15/42 MP: 3/11
  5029 | D:6      | Reached skill level 9 in Stealth
  5032 | D:6      | Found a sparkling altar of Nemelex Xobeh.
  5056 | D:6      | Found a radiant altar of Vehumet.
  5222 | D:7      | Reached * piety under Wu Jian
  5395 | D:7      | HP: 2/43 [something (6)]
  5397 | D:7      | Slain by an unseen horror

Levels and vault maps discovered:
D:1:      minmay_arrival_arboretum_large, layout_basic
D:2:      layout_loops_corners, chequers_ecumenical_altar_island,
          trog_three_pillars_becter, uniq_jessica
D:3:      layout_rooms, nicolae_overflow_hidden_temple, minmay_misc_feat_encased
D:4:      layout_basic, first_ration
D:5:      layout_layer_cave, kennysheep_mini_moat, kiku_gazebo_garden_becter,
          chequers_temple_overflow_minitemple, kennysheep_okawaru_gauntlet,
          uniq_ijyb
D:6:      layout_rooms, overflow_temple_1_default, vehumet_crystals,
          basic_altar, serial_shops, shop, uniq_pikel
D:7:      layout_loops_ring, overflow_temple_1_default,
          minmay_temple_entry_overgrown, ebering_ghost_inner_flame

Skill      XL: |  1  2  3  4  5  6  7  8  9 |
---------------+----------------------------+-----
Short Blades   | 2 3 4 5 7 |  7.6
Dodging        | 1 |  1.5
Fighting       | 2 |  2.4
Stealth        | 5 8 9 |  9.1
Spellcasting   | 1 2 |  2.4
Armour         | 1 2 3 4 |  4.0
Throwing       | |  1.7

Action                   |  1- 3 |  4- 6 |  7- 9 || total
-------------------------+-------+-------+-------++-------
Melee: Dagger            |    12 |    98 |    60 ||   170
       Bite              |    11 |    45 |    63 ||   119
       Short sword       |    55 |    56 |   137 ||   248
       Kick              |       |       |    51 ||    51
Invok: Lunge             |       |       |    10 ||    10
Evoke: Wand              |       |     2 |     9 ||    11
  Use: Scroll            |    10 |     1 |     6 ||    17
       Potion            |     2 |     2 |     4 ||     8
 Stab: Sleeping          |    11 |    13 |    14 ||    38
       Distracted        |     1 |       |       ||     1
       Invisible         |       |       |     3 ||     3
  Eat: Chunk             |       |     4 |     9 ||    13
Armor: Robe              |    11 |    21 |     3 ||    35
       Leather armour    |       |       |    34 ||    34
Dodge: Dodged            |    25 |    60 |    73 ||   158

Table legend:
 A = Non-vault XP
 B = Vault XP
 C = Vault XP percentage of total XP
 D = Non-vault monster count
 E = Vault monster count
 F = Vault count percentage of total count
                 A         B        C        D         E       F
            +---------+---------+-------+---------+---------+-------
      Total |    2157 |     750 |  25.8 |     126 |       5 |   3.8
            +---------+---------+-------+---------+---------+-------
        D:1 |      43 |       0 |   0.0 |      23 |       0 |   0.0
        D:2 |      71 |      37 |  34.3 |      21 |       1 |   4.5
        D:3 |     101 |       0 |   0.0 |      29 |       0 |   0.0
        D:4 |     546 |       0 |   0.0 |      23 |       0 |   0.0
        D:5 |     421 |      40 |   8.7 |      14 |       3 |  17.6
        D:6 |     869 |     673 |  43.6 |      14 |       1 |   6.7
        D:7 |     106 |       0 |   0.0 |       2 |       0 |   0.0
            +---------+---------+-------+---------+---------+-------
